 Dungeon Crawl Stone Soup version 0.16-a0-4002-g2d13b8e (webtiles) character file.

2821 BluebellGnoll the Basher (level 9, -19/101 HPs)
             Began as an Ogre Hunter on Feb 13, 2015.
             Was a Follower of Okawaru.
             Demolished by a hill giant
             ... wielding a +0 giant club
              (39 damage)
             ... on level 9 of the Dungeon on Feb 14, 2015.
             The game lasted 00:33:27 (9919 turns).

BluebellGnoll the Basher (Ogre Hunter)              Turns: 9919, Time: 00:33:27

Health: -19/101    AC:  5    Str: 19    XL:     9   Next: 73%
Magic:  9/9        EV: 12    Int: 13    God:    Okawaru [*.....]
Gold:   448        SH:  0    Dex: 10    Spells: 0 memorised, 8 levels left

rFire  . . .     SeeInvis .     y - +1 flail
rCold  . . .     Clarity  .     d - +0 animal skin
rNeg   . . .     SustAb   +     (shield restricted)
rPois  +         Gourm    .     (helmet restricted)
rElec  .         Spirit   .     x - +1 cloak
rCorr  .         Warding  .     (gloves unavailable)
rMut   .         Stasis   .     (boots unavailable)
MR     .....                    (no amulet)
Stlth  +.........               c - ring of poison resistance
                                q - ring of sustain abilities

@: not resistant to hostile enchantments, very unstealthy
A: unfitting armour, tough skin 1, placid magic 1
a: Heroism, Renounce Religion


You were on level 9 of the Dungeon.
You worshipped Okawaru.
Okawaru was aware of your devotion.
You were not hungry.

You visited 2 branches of the dungeon, and saw 10 of its levels.

You collected 448 gold pieces.

Inventory:

Hand weapons
 e - a +1 whip of freezing
 j - a +0 hunting sling
 p - a +1 hammer of pain
 y - a +1 flail (weapon)
 D - a cursed -2 mace
Missiles
 g - 23 sling bullets
 h - 9 exploding sling bullets
 i - 155 stones (quivered)
Armour
 d - a +0 animal skin (worn)
 x - a +1 cloak (worn)
Jewellery
 c - a ring of poison resistance (right hand)
 q - a ring of sustain abilities (left hand)
 u - an uncursed ring of wizardry
 w - an uncursed ring of wizardry
Magical devices
 E - a wand of frost (10)
 F - a wand of disintegration (8)
 G - a wand of polymorph (17)
 H - a wand of paralysis (19)
Scrolls
 l - 4 scrolls of fear
 m - 4 scrolls of magic mapping
 v - 2 scrolls of recharging
 I - a scroll of teleportation
 J - 2 scrolls of enchant weapon
Potions
 a - 2 potions of brilliance {unknown}
 k - 8 potions of curing
 o - 2 potions of agility {unknown}
 s - a potion of magic {unknown}
 t - 2 potions of invisibility
 z - 4 potions of haste
 B - a potion of mutation {unknown}
Books
 C - an Akashic Record {highlevel, unknown}

   This book is beyond your current level of understanding.

   Spells                             Type                      Level
   a - Dispersal                      Translocation                6
   b - Controlled Blink               Translocation                7
   c - Malign Gateway                 Summoning/Translocation      7
   d - Disjunction                    Translocation                8
   e - Singularity                    Translocation                9
Comestibles
 f - 4 meat rations
 n - 6 bread rations


   Skills:
 - Level 9.6 Fighting
 + Level 10.1 Maces & Flails
 - Level 4.3 Throwing
 - Level 7.2 Dodging
 - Level 0.7 Stealth


You had 8 spell levels left.
You didn't know any spells.

Dungeon Overview and Level Annotations

Branches:
Dungeon (9/15)             Temple (1/1) D:6
   Lair: D:8-11         Orc: D:9-12

Altars:
Ashenzari
Cheibriados
Dithmenos
Elyvilon
Fedhas
Gozag
Kikubaaqudgha
Makhleb
Nemelex Xobeh
Okawaru
Qazlal
Ru
Sif Muna
Trog
Vehumet
Xom
Yredelemnul
Zin
The Shining One

Shops:
D:4 (


Innate Abilities, Weirdness & Mutations

You are too large for most types of armour.
You have tough skin (AC +1).
Your spells are a little easier to cast, but a little less powerful.


Message History

The hill giant is severely wounded.
The hill giant barely misses you.
You hit the hill giant.
The hill giant is almost dead.
The hill giant hits you with a giant club!!
You hit the hill giant.
The hill giant is almost dead.
You barely miss the hill giant.
The hill giant is almost dead.
The hill giant hits you with a giant club!!
You barely miss the hill giant.
The hill giant is almost dead.
The hill giant hits you with a giant club!
* * * LOW HITPOINT WARNING * * *
You hit the hill giant.
The hill giant is almost dead.
You hit the hill giant.
The hill giant is almost dead.
The hill giant hits you with a giant club!!!
You die...

#..###....####..###....
##........# ##..##....
#........## ##..#....
##...###...# #.....##
....###....# #...## ##..##.#
##........##..#..# #..###.#
...............#..###..# #.#
...................#..####.#
####........@..........§§§≈##
#........C.######...§##§§§
#.........## #.#####§§#
#......##$. #. #§##
...#####((# .. ##§§# .. ##(#
##.. ##.... .. ##... ##..###
((......##..## .## .. #...###


You could see a hill giant.

Vanquished Creatures
  Grinder (D:4)
  Eustachio (D:8)
  A hungry ghost (D:8)
  A sky beast (D:9)
  A black bear (D:6)
  5 ogres
  3 orc warriors
  A necrophage (D:7)
  A centaur (D:8)
  3 giant frogs
  2 scorpions
  4 crimson imps
  2 goliath beetles
  2 hounds (D:5)
  A centaur zombie (D:6)
  A jelly (D:7)
  Crazy Yiuf (D:7)
  An orc priest (D:9)
  A centaur skeleton (D:6)
  3 orc wizards
  An iguana (D:8)
  2 quasits (D:8)
  5 worker ants
  A killer bee zombie (D:5)
  A hound skeleton (D:4)
  6 adders
  6 gnolls (D:3)
  A shadow imp (D:6)
  A worm (D:4)
  An adder zombie (D:9)
  5 giant geckos
  18 orcs
  19 bats
  2 bat skeletons
  3 giant cockroaches
  11 goblins
  15 hobgoblins
  13 jackals
  14 kobolds
  2 giant newts
  A giant spore (D:8)
  6 quokkas
  A quokka skeleton (D:7)
  13 rats
  A ballistomycete (D:8)
  A fungus (D:7)
186 creatures vanquished.

Vanquished Creatures (others)
  A rat (D:8)
1 creature vanquished.

Grand Total: 187 creatures vanquished

Notes
Turn   | Place    | Note
--------------------------------------------------------------
     0 | D:1      | BluebellGnoll, the Ogre Hunter, began the quest for the Orb.
     0 | D:1      | Reached XP level 1. HP: 22/22 MP: 1/1
   276 | D:1      | Reached XP level 2. HP: 29/31 MP: 2/2
   354 | D:1      | Reached skill level 1 in Maces & Flails
   944 | D:2      | Reached XP level 3. HP: 31/37 MP: 3/3
  1156 | D:2      | Found an opulent altar of Gozag.
  1377 | D:2      | Reached XP level 4. HP: 45/45 MP: 4/4
  1943 | D:3      | Reached skill level 5 in Maces & Flails
  2018 | D:3      | Reached XP level 5. HP: 28/53 MP: 5/5
  2171 | D:3      | Reached skill level 6 in Maces & Flails
  2802 | D:4      | Noticed an ogre
  2806 | D:4      | Killed an ogre
  2806 | D:4      | Reached skill level 7 in Maces & Flails
  2806 | D:4      | Reached XP level 6. HP: 61/61 MP: 6/6
  2980 | D:4      | Reached skill level 8 in Maces & Flails
  3020 | D:4      | Noticed Grinder
  3024 | D:4      | Killed Grinder
  3024 | D:4      | Reached XP level 7. HP: 50/75 MP: 7/7
  3533 | D:4      | Upgraded the game from 0.16-a0-3994-gbbee317 to 0.16-a0-4002-g2d13b8e
  3577 | D:4      | Found Plazau's Antique Weapon Emporium.
  3921 | D:5      | Entered Level 5 of the Dungeon
  5485 | D:6      | Reached XP level 8. HP: 87/89 MP: 8/8
  5544 | D:6      | Reached skill level 9 in Fighting
  6141 | D:6      | Found a staircase to the Ecumenical Temple.
  6150 | Temple   | Entered the Ecumenical Temple
  6245 | Temple   | Became a worshipper of Warmaster Okawaru
  7890 | D:7      | Noticed Crazy Yiuf
  7902 | D:7      | Killed Crazy Yiuf
  7975 | D:7      | Reached skill level 5 in Dodging
  8074 | D:7      | Reached XP level 9. HP: 101/101 MP: 9/9
  8377 | D:7      | Acquired Okawaru's first power
  8912 | D:8      | Noticed Eustachio
  8945 | D:8      | Killed Eustachio
  9415 | D:8      | Found a bloodstained altar of Trog.
  9820 | D:9      | Reached skill level 10 in Maces & Flails
  9828 | D:9      | Gained mutation: Your spells are a little easier to cast, but a little less powerful. [mutagenic meat]
  9903 | D:9      | Noticed a hill giant
  9919 | D:9      | Demolished by a hill giant

Action                   |  1- 3 |  4- 6 |  7- 9 || total
-------------------------+-------+-------+-------++-------
Melee: Club              |    94 |    70 |       ||   164
       Short sword       |    10 |       |       ||    10
       Flail             |       |    81 |   352 ||   433
       Whip              |       |       |   193 ||   193
       Hammer            |       |       |     7 ||     7
 Fire: Hunting sling     |     2 |       |       ||     2
Throw: Stone             |    43 |    51 |   158 ||   252
       Large rock        |       |    11 |    28 ||    39
       Throwing net      |       |       |     3 ||     3
Evoke: Wand              |       |       |     5 ||     5
  Use: Scroll            |       |    10 |    11 ||    21
       Potion            |       |       |     1 ||     1
 Stab: Held in net/web   |       |       |     2 ||     2
       Sleeping          |       |       |     1 ||     1
  Eat: Chunk             |     1 |     6 |    21 ||    28
       Fruit             |       |       |     3 ||     3
